 Dungeon Crawl Stone Soup version 0.17-a0-1850-g688e747 (webtiles) character file.

2498 kae the Spear-Bearer (level 9, 0/75 HPs)
             Began as a Naga Fighter on Sept 19, 2015.
             Was a High Priest of Cheibriados.
             Killed from afar by cireshan's ghost (7 damage)
             ... with a magic dart
             ... on level 7 of the Dungeon.
             The game lasted 00:08:04 (6993 turns).

kae the Spear-Bearer (Naga Fighter)                 Turns: 6993, Time: 00:08:04

Health: 0/75       AC:  9    Str: 31    XL:     9   Next: 52%
Magic:  18/18      EV:  5    Int: 20    God:    Cheibriados [*****.]
Gold:   421        SH: 11    Dex: 26    Spells: 0 memorised, 8 levels left

rFire  . . .     SeeInvis +     a - +1 trident
rCold  . . .     Clarity  .     b - +0 scale mail
rNeg   . . .     SustAt   .     c - +0 shield
rPois  +         Gourm    .     (no helmet)
rElec  .         Spirit   .     s - +0 cloak
rCorr  .         Warding  .     f - +1 pair of gloves
rMut   .         Stasis   .     (no barding)
MR     +....                    (no amulet)
Stlth  +.........               q - ring of flight
                                p - ring of magical power

@: very slow, somewhat resistant to hostile enchantments, very unstealthy
A: see invisible, deformed body, poison resistance, slowness 2, slow metabolism
1, spit poison 2, AC +3
a: Spit Poison, Bend Time, Temporal Distortion, Slouch, Step From Time, Renounce
Religion, Evoke Flight


You were on level 7 of the Dungeon.
You worshipped Cheibriados.
Cheibriados was extremely pleased with you.
You were not hungry.

You visited 1 branch of the dungeon, and saw 7 of its levels.

You collected 421 gold pieces.

Inventory:

Hand weapons
 a - a +1 trident (weapon)
 l - a +0 halberd
Armour
 b - a +0 scale mail (worn)
 c - a +0 shield (worn)
 f - a +1 pair of gloves (worn)
 s - a +0 cloak (worn)
Jewellery
 p - a ring of magical power (left hand)
 q - a ring of flight (right hand)
Magical devices
 v - a wand of polymorph (18)
 z - a wand of flame (32)
Scrolls
 g - 10 scrolls of identify
 h - 5 scrolls of remove curse
 j - a scroll of amnesia
 k - a scroll of fog
 u - a scroll of random uselessness {unknown}
 y - 2 scrolls of enchant armour
 B - a scroll of recharging {unknown}
Potions
 d - a potion of might
 n - a potion of flight {unknown}
 o - a potion of invisibility
 r - a potion of agility
 t - 2 potions of berserk rage {unknown}
 w - a potion of degeneration {unknown}
 A - 2 potions of ambrosia {unknown}
Books
 x - a Fen Folio

   Spells                             Type                      Level
   a - Corpse Rot                     Necromancy                   2
   b - Stone Arrow                    Conjuration/Earth            3
   c - Leda's Liquefaction            Hexes/Earth                  4
   d - Summon Forest                  Summoning/Translocation      5
   e - Hydra Form                     Transmutation                6
   f - Summon Hydra                   Summoning                    7
Comestibles
 e - 5 bread rations
 i - 3 meat rations


   Skills:
 - Level 3.0 Fighting
 + Level 12.4 Polearms
 - Level 2.4 Armour
 - Level 2.4 Shields


You had 8 spell levels left.
You didn't know any spells.

Dungeon Overview and Level Annotations

Branches:
Dungeon (7/15)             Temple (0/1) D:6

Altars:
Cheibriados
Dithmenos
Fedhas
Gozag
Okawaru
Sif Muna
Vehumet
Zin

Annotations:
D:7 cireshan's ghost, experienced DECj


Innate Abilities, Weirdness & Mutations

You cannot wear boots.
Your serpentine skin is tough (AC +3).
You have supernaturally acute eyesight.
Armour fits poorly on your strangely shaped body.
Your system is resistant to poisons.
You cover ground very slowly.
You have a slow metabolism.
You can spit poison.


Message History

The crimson imp shouts!
The crimson imp shouts, "Leave, thou rough-hewn elf-skinned bootlicker!"
The crimson imp blinks!
Cireshan's ghost (experienced Deep Elf Conjurer) comes into view.
There are monsters nearby!
Cireshan's ghost turns its malevolent gaze towards you.
Cireshan's ghost casts a spell at you. The magic dart hits you!
Cireshan's ghost points at you and mumbles some strange words.
The magic dart hits you!
* * * LOW HITPOINT WARNING * * *
Cireshan's ghost casts a spell at you. The magic dart hits you!
* * * LOW HITPOINT WARNING * * *
Cireshan's ghost gestures at you while chanting.
The magic dart hits you!
* * * LOW HITPOINT WARNING * * *
Cireshan's ghost gestures at you while chanting.
The magic dart hits you!
You die...

.#######...# # .........
#.... # ........ ##...# ##
......#### #...# #.
........#######...###.
.....<...............
5......[........#...
#.#W....####........ .
#.#@................ ...
####.#5................
.....##.†........##..........
..Z.....###.#.....#..........
......####...#..#.#...(......
..... ##.......#.#.>........
.... #..........##.......#.
... #.[........#.......... Z.
#......##..#.........#


You could see cireshan's ghost and a crimson imp.

Vanquished Creatures
  Pikel (D:5)
  A hungry ghost (D:7)
  An ice beast (D:3)
  2 sky beasts
  4 slaves (D:5)
  A centaur (D:6)
  A necrophage (D:6)
  2 ogres
  2 giant frogs (D:6)
  A scorpion (D:4)
  5 killer bees (D:7)
  2 crimson imps
  2 jellies
  A centaur zombie (D:7)
  5 orc priests
  A centaur skeleton (D:7)
  An orc wizard (D:3)
  Ijyb (D:4)
  7 worker ants
  A killer bee zombie (D:5)
  A hound zombie (D:7)
  2 hound skeletons
  8 adders
  8 gnolls
  A shadow imp (D:6)
  An adder zombie (D:6)
  3 adder skeletons (D:4)
  6 worms
  6 giant geckos
  21 orcs
  7 bats
  4 giant cockroaches
  13 goblins
  7 hobgoblins
  7 jackals
  11 kobolds
  3 quokkas
  5 giant newts
  A jackal skeleton (D:6)
  6 rats
163 creatures vanquished.

Notes
Turn   | Place    | Note
--------------------------------------------------------------
     0 | D:1      | kae the Naga Fighter began the quest for the Orb.
     0 | D:1      | Reached XP level 1. HP: 21/21 MP: 1/1
   183 | D:1      | Reached XP level 2. HP: 28/28 MP: 2/2
   593 | D:1      | Reached XP level 3. HP: 31/34 MP: 3/3
   907 | D:2      | Found a blossoming altar of Fedhas.
  1185 | D:2      | Reached skill level 4 in Polearms
  1492 | D:2      | Reached XP level 4. HP: 42/42 MP: 4/4
  1548 | D:2      | Found a glowing silver altar of Zin.
  1555 | D:2      | Found a deep blue altar of Sif Muna.
  1555 | D:2      | Found a snail-covered altar of Cheibriados.
  1557 | D:2      | Found an iron altar of Okawaru.
  1627 | D:2      | Became a worshipper of Cheibriados the Contemplative
  1989 | D:3      | Acquired Cheibriados's first power
  2000 | D:3      | Found an opulent altar of Gozag.
  2142 | D:3      | Reached skill level 5 in Polearms
  2142 | D:3      | Reached XP level 5. HP: 23/49 MP: 5/5
  2531 | D:3      | Noticed an ice beast
  2544 | D:3      | Killed an ice beast
  2544 | D:3      | Reached skill level 6 in Polearms
  2544 | D:3      | Reached XP level 6. HP: 32/56 MP: 6/6
  2777 | D:3      | Noticed a phantom
  3155 | D:3      | Noticed a sky beast
  3174 | D:3      | Killed a sky beast
  3174 | D:3      | Reached skill level 7 in Polearms
  3530 | D:3      | Reached XP level 7. HP: 60/62 MP: 7/7
  3742 | D:4      | Reached skill level 8 in Polearms
  4037 | D:4      | Noticed Ijyb
  4051 | D:4      | Killed Ijyb
  4106 | D:4      | Found a shadowy altar of Dithmenos.
  4262 | D:4      | Acquired Cheibriados's second power
  4953 | D:4      | Reached skill level 9 in Polearms
  4953 | D:4      | Reached XP level 8. HP: 63/69 MP: 8/8
  5068 | D:5      | Entered Level 5 of the Dungeon
  5386 | D:5      | Noticed Pikel
  5396 | D:5      | Killed Pikel
  5396 | D:5      | Reached skill level 10 in Polearms
  5579 | D:5      | Acquired Cheibriados's third power
  5884 | D:5      | Found a snail-covered altar of Cheibriados.
  6178 | D:6      | Reached skill level 11 in Polearms
  6187 | D:6      | Reached XP level 9. HP: 72/75 MP: 9/9
  6210 | D:6      | Found a staircase to the Ecumenical Temple.
  6732 | D:7      | Found a radiant altar of Vehumet.
  6749 | D:7      | Acquired Cheibriados's fourth power
  6833 | D:7      | Reached skill level 12 in Polearms
  6990 | D:7      | Noticed cireshan's ghost (experienced DECj)
  6993 | D:7      | Killed from afar by cireshan's ghost

Vault maps used:
D:1:      eino_arrival_druids_welcome
D:2:      lemuel_round_altar, minitemple, kennysheep_generic_room_8
D:3:      kennysheep_big_flooded_room, nicolae_gozag_seed_capital, first_bread
D:4:      kennysheep_the_goblin_king, hangedman_decor_clover_reticule,
          nicolae_dithmenos_shadow_blocks
D:5:      chei_slow_surprise, uniq_pikel
D:6:      minmay_temple_entry_from_below_b, hangedman_decor_peaks_small
D:7:      overflow_temple_1_default, vehumet_crystals

Action                   |  1- 3 |  4- 6 |  7- 9 || total
-------------------------+-------+-------+-------++-------
Melee: Trident           |   175 |   199 |   410 ||   784
 Abil: Spit Poison       |     1 |     2 |    13 ||    16
  Use: Potion            |       |     2 |       ||     2
       Scroll            |       |     8 |     5 ||    13
  Eat: Chunk             |     1 |     5 |     7 ||    13
       Royal jelly       |       |       |     1 ||     1
